 Dungeon Crawl Stone Soup version 0.31-a0-152-g6aa68a64a1 (webtiles) character file.

Game seed: 3002092343207019691

148 promet the Conjurer (level 5, 0/40 HPs)
             Began as a Draconian Conjurer on June 10, 2023.
             Slain by a centaur (5 damage)
             ... on level 4 of the Dungeon on June 11, 2023.
             The game lasted 00:24:13 (5638 turns).

promet the Conjurer (Draconian Conjurer)            Turns: 5638, Time: 00:24:13

Health: 0/40       AC:  6    Str:  7 (9)  XL:     5   Next: 8%
Magic:  6/9        EV: 12    Int: 18 (21) God:
Gold:   194        SH:  0    Dex:  8 (9)  Spells: 6/9 levels left

rFire   . . .        a - +4 trident
rCold   . . .        (no shield)
rNeg    . . .        (body armour unavailable)
rPois   .            (helmet restricted)
rElec   .            (no cloak)
rCorr   .            p - +0 pair of gloves
SInv    .            (no boots)
Will    .....        (no amulet)
Stlth   ++           e - ring of flight
HPRegen 0.26/turn    (no ring)
MPRegen 0.11/turn

%: no passive effects
@: mighty, about to teleport, flying
A: AC +5, unfitting armour, cold-blooded
a: no special abilities


You were on level 4 of the Dungeon.
You visited 1 branch of the dungeon, and saw 4 of its levels.

You collected 194 gold pieces.

Inventory:

Hand Weapons
 a - a +4 trident (weapon)
 b - a +0 sling
 c - a +1 antimagic rapier
 o - a +0 short sword
Missiles
 k - 20 stones (quivered)
Armour
 p - a +0 pair of gloves (worn)
Jewellery
 e - a ring of flight (left hand)
 l - a ring of fire
 q - a ring of ice
Scrolls
 h - 2 scrolls of teleportation
 n - a scroll of vulnerability
 s - a scroll of poison {unknown}
Potions
 d - a potion of haste {unknown}
 f - a potion of berserk rage {unknown}
 g - a potion of curing {unknown}
 j - a potion of attraction {unknown}
 m - a potion of degeneration
 r - 2 potions of magic


   Skills:
 + Level 1.4 Fighting
 + Level 0.8 Short Blades
 + Level 0.2 Maces & Flails
 + Level 1.2 Ranged Weapons
 + Level 2.1 Dodging
 + Level 2.3 Stealth
 * Level 2.7 Spellcasting
 + Level 4.9 Conjurations


You had 6 spell levels left.
You knew the following spells:

 Your Spells              Type           Power      Damage    Failure   Level
a - Magic Dart            Conj           80%        1d7       2%          1
b - Searing Ray           Conj           40%        2d5       3%          2

Your spell library contained the following spells:

 Spells                   Type           Power      Damage    Failure   Level
 Dazzling Flash           Conj/Hex       22%        N/A       19%         3
 Cigotuvi's Dreadful Rot  Necr/Pois/Air  4%         N/A       26%         2
 Sublimation of Blood     Necr           2%         N/A       26%         2
 Wereblood                Tmut           2%         N/A       26%         2
 Ignite Poison            Fire/Tmut/Pois 2%         N/A       45%         3
 Fulminant Prism          Conj/Hex       5%         3d7       52%         4
 Iskenderun's Mystic Bla  Conj/Tloc      11%        2d4       52%         4
 Sticky Flame             Conj/Fire      11%        2d3       52%         4
 Freezing Cloud           Conj/Ice/Air   4%         6-21      94%         5
 Summon Hydra             Summ           1%         N/A       100%        7
 Ignition                 Fire           1%         3d3       100%        8


Dungeon Overview and Level Annotations

Branches:
Dungeon (4/15)
 Temple: D:4-7

Altars:

Shops:
D:3 [


Innate Abilities, Weirdness & Mutations

Your plain brown scales are hard. (AC +5)
You cannot fit into any form of body armour.
You are cold-blooded and may be slowed by cold attacks.


Message History

The centaur kicks you but does no damage.
The centaur barely misses you.
The centaur kicks you but does no damage.
The centaur hits you. The centaur closely misses you.
You puncture the centaur!
The centaur is severely wounded.
The centaur hits you but does no damage.
The centaur kicks you but does no damage.
The centaur hits you but does no damage.
The centaur barely misses you.
The centaur hits you but does no damage.
The centaur kicks you but does no damage.
The centaur hits you.
The centaur kicks you but does no damage.
As you read the scroll of teleportation, it crumbles to dust.
You feel strangely unstable. The centaur hits you.
* * * LOW HITPOINT WARNING * * *
The centaur closely misses you. The centaur hits you.
* * * LOW HITPOINT WARNING * * *
The centaur kicks you but does no damage.
The centaur hits you.
* * * LOW HITPOINT WARNING * * *
The centaur kicks you but does no damage.
Your magical contamination has completely faded away.
It was a potion of degeneration.
There was something very wrong with that liquid.
You feel weakened.
You feel dopey.
You feel clumsy. The centaur completely misses you.
The centaur kicks you but does no damage.
The centaur hits you.
* * * LOW HITPOINT WARNING * * *
The centaur barely misses you.
The centaur hits you but does no damage.
The centaur barely misses you.
You closely miss the centaur.
The centaur is severely wounded.
The centaur barely misses you.
The centaur kicks you but does no damage.
The centaur hits you.
You die...

####### .....#
#...# #..###
#.c@.##
..:....##c.###
..##.#. ##...## ..
#. ##...# # #. ..
#.#.## # .. .#
#.#..# ## . ..
#.##.# ###. ..
####.##.# #...
.....##.#######.##


You could see 2 centaurs.

Vanquished Creatures
  An orc wizard (D:4)
  7 adders
  A worm (D:2)
  A dart slug (D:1)
  2 orcs
  4 bats
  4 endoplasms
  3 giant cockroaches (D:4)
  A goblin (D:4)
  7 hobgoblins
  4 jackals (D:3)
  A quokka (D:1)
  3 ball pythons
  2 frilled lizards
  7 kobolds
  10 rats
58 creatures vanquished.

Notes
Turn   | Place    | Note
-------+----------+-------------------------------------------
     0 | D:1      | promet the Draconian Conjurer began the quest for the Orb.
     0 | D:1      | Reached XP level 1. HP: 14/14 MP: 3/3
   408 | D:1      | Reached XP level 2. HP: 14/20 MP: 0/5
   561 | D:1      | Learned a level 2 spell: Searing Ray
  2161 | D:2      | Reached XP level 3. HP: 26/26 MP: 3/6
  3229 | D:2      | Reached XP level 4. HP: 33/33 MP: 0/7
  3485 | D:2      | Found a faded altar of an unknown god.
  3733 | D:3      | Reached skill level 1 in Ranged Weapons
  4280 | D:3      | Found Nysaithrui's Antique Armour Shop.
  5233 | D:4      | Reached skill level 1 in Fighting
  5233 | D:4      | Reached XP level 5. HP: 33/40 MP: 0/9
  5624 | D:4      | Noticed a centaur
  5625 | D:4      | Noticed a centaur
  5638 | D:4      | Slain by a centaur

Illustrated notes

Levels and vault maps discovered:
D:1:      nagdon_arrival_double_spiral, layout_basic
D:2:      layout_rooms, chequers_ecumenical_altar_grove, minmay_quadrilaterals
D:3:      layout_rooms, serial_shops, nicolae_shop_real_fake_doors
D:4:      layout_rooms, minmay_manual_mares

Skill      XL: |  1  2  3  4 |
---------------+-------------+-----
Dodging        | 2 |  2.1
Stealth        | 2 |  2.3
Ranged Weapons | 1 |  1.2
Fighting       | 1 |  1.4
Short Blades   | |  0.8
Maces & Flails | |  0.2
Spellcasting   | |  2.7
Conjurations   | |  4.9

Action                     |  1- 3 |  4- 6 || total
---------------------------+-------+-------++-------
  Melee: Club              |    21 |       ||    21
         Short sword       |     8 |       ||     8
         Tailslap          |     2 |     2 ||     4
         Rapier            |    18 |    55 ||    73
         Punch             |       |     1 ||     1
         Trident           |       |     3 ||     3
   Fire: Sling             |     7 |     8 ||    15
  Throw: Stone             |       |     3 ||     3
   Cast: Magic Dart        |    33 |    17 ||    50
         Searing Ray       |    14 |     7 ||    21
    Use: Scroll            |     3 |     3 ||     6
         Potion            |       |     2 ||     2
   Stab: Sleeping          |     2 |       ||     2
 Armour: Skin              |    28 |    52 ||    80
  Dodge: Dodged            |    60 |    59 ||   119

Table legend: (Time is in decaauts)
 A = Elapsed time spent in this place.
 B = Non-inter-level travel time spent in this place.
 C = Inter-level travel time spent in this place.
 D = Time resting spent in this place.
 E = Time spent auto-exploring this place.
 F = Levels seen in this place.
 G = Mean time per level.
                   A        B        C        D        E       F      G
               +--------+--------+--------+--------+--------+-----+--------+
         Total |   5695 |   5559 |    136 |   2723 |   1014 |   4 | 1423.8 |
       Dungeon |   5695 |   5559 |    136 |   2723 |   1014 |   4 | 1423.8 |
               +--------+--------+--------+--------+--------+-----+--------+

Top non-repeatable levels by time:
     D:1: 2193 daAuts
     D:2: 1442 daAuts
     D:3: 1108 daAuts
     D:4: 951 daAuts
